 Dungeon Crawl Stone Soup version 0.31-a0-4-gefa6de2278 (webtiles) character file.

Game seed: 1818028685390307538

137086 Mesmaeker13 the Black Belt (level 17, 0/189 HPs)
             Began as an Octopode Transmuter on May 3, 2023.
             Was the Champion of Wu Jian.
             Slain by a ghost moth (10 damage)
             ... on level 4 of the Spider Nest.
             The game lasted 01:09:20 (30125 turns).

Mesmaeker13 the Black Belt (Octopode Transmuter)   Turns: 30125, Time: 01:09:21

Health: 0/189      AC: 16    Str: 28 (31) XL:     17   Next: 23%
Magic:  1/28       EV: 18    Int: 15 (19) God:    Wu Jian [******]
Gold:   2117       SH:  0    Dex: 16      Spells: 11/31 levels left

rFire   + + .        B - melded +7 spear of Egomania {spect, +Blink rC- Int+2 Stlth+}
rCold   . . .        (shield currently unavailable)
rNeg    . . .        (helmet currently unavailable)
rPois   +            o - amulet of regeneration
rElec   .            w - ring of wizardry
rCorr   +            s - ring of protection from cold
SInv    .            G - +5 ring of evasion
Will    ++...        h - ring of willpower
Stlth   +            I - ring of Gauplol {Str+6 Dex+3}
HPRegen 1.31/turn    m - ring of resist corrosion
MPRegen 0.21/turn    M - ring "Velemooza" {Str+2 Slay+4}
                     T - +5 ring of evasion

%: wizardry (x1)
@: short of breath, dragon-form, flying
A: dragon claw, dragon scales, breathe fire, flying, boosted hp, almost no
armour, amphibious, 8 rings, giant, (camouflage 1), (gelatinous body 1), (nimble
swimmer 1), (tentacles), no potion heal 1
a: Breathe Fire, End Transformation, Renounce Religion, Wall Jump, Serpent's
Lash, Heavenly Storm


You were on level 4 of the Spider Nest.
You worshipped Wu Jian.
Wu Jian was exalted by your worship.
You were a fearsome dragon!
You visited 5 branches of the dungeon, and saw 27 of its levels.
You also visited: Gauntlet and Ice Cave.

You collected 2685 gold pieces.
You spent 568 gold pieces at shops.

Inventory:

Hand Weapons
 B - the +7 spear of Egomania (melded) {spect, +Blink rC- Int+2 Stlth+}
   (You found it on level 6 of the Dungeon)

   Int:       It affects your intelligence (+2).
   rC:        It makes you vulnerable to cold.
   +Blink:    It lets you blink.
   Stlth:     It makes you more stealthy.
Armour
 K - the +3 warlock's mirror {omnireflect}
   (You found it on level 13 of the Dungeon)

   Omnireflect: It can block and reflect piercing ranged attacks and magical
   attacks against the wielder's willpower.
Jewellery
 h - a ring of willpower (on tentacle)
 m - a ring of resist corrosion (on tentacle)
 n - an amulet of magic regeneration
 o - an amulet of regeneration (around neck)
 s - a ring of protection from cold (right foreclaw)
 w - a ring of wizardry (left foreclaw)
 E - the ring "Igojeok" {rElec rF+ Will- Str+2 Dex+4}
   (You acquired it on level 2 of the Orcish Mines)

   [ring of protection from fire]

   Str:       It affects your strength (+2).
   Dex:       It affects your dexterity (+4).
   rF:        It protects you from fire.
   rElec:     It insulates you from electricity.
   Will:      It decreases your willpower.
 F - an amulet of reflection
 G - a +5 ring of evasion (on tentacle)
 I - the ring of Gauplol (on tentacle) {Str+6 Dex+3}
   (You took it off a minotaur in a Gauntlet)

   [ring of strength]

   Str:       It affects your strength (+6).
   Dex:       It affects your dexterity (+3).
 M - the ring "Velemooza" (on tentacle) {Str+2 Slay+4}
   (You acquired it on level 15 of the Dungeon)

   [ring of slaying]

   Str:       It affects your strength (+2).
   Slay:      It affects your accuracy & damage with ranged weapons and melee
   (+4).
 R - a ring of flight
 T - a +5 ring of evasion (on tentacle)
Wands
 g - a wand of digging (3)
 O - a wand of flame (11)
 V - a wand of roots (9)
Scrolls
 d - a scroll of blinking
 e - 2 scrolls of amnesia
 f - 9 scrolls of enchant armour
 i - a scroll of butterflies
 j - 2 scrolls of brand weapon
 k - 3 scrolls of noise
 q - 11 scrolls of teleportation
 r - 4 scrolls of fear
 t - a scroll of fog
 u - 2 scrolls of magic mapping
 H - 4 scrolls of vulnerability
 Q - 2 scrolls of identify
Potions
 a - 4 potions of lignification
 b - 6 potions of curing
 c - 3 potions of flight
 l - a potion of invisibility
 p - 3 potions of berserk rage
 v - 5 potions of might
 x - 2 potions of ambrosia
 z - 2 potions of magic
 A - 5 potions of cancellation
 D - 3 potions of haste
 J - a potion of resistance
 N - a potion of mutation
Miscellaneous
 y - a tin of tremorstones (1/2)


   Skills:
 + Level 14.8 Fighting
 - Level 2.0 Dodging
 + Level 15.1 Unarmed Combat
 + Level 7.9 Spellcasting
 - Level 10.0 Summonings
 + Level 15.0 Transmutations
 - Level 12.2 Ice Magic


You had 11 spell levels left.
You knew the following spells:

 Your Spells              Type           Power      Damage    Failure   Level
a - Summon Ice Beast      Ice/Summ       39%        N/A       1%          4
b - Wereblood             Tmut           50%        N/A       1%          2
c - Ice Form              Ice/Tmut       46%        N/A       1%          4
d - Frozen Ramparts       Ice            84%        1d13      1%          3
e - Dragon Form           Tmut           25%        N/A       9%          7

Your spell library contained the following spells:

 Spells                   Type           Power      Damage    Failure   Level
 Beastly Appendage        Tmut           100%       N/A       1%          1
 Sting                    Tmut/Pois      100%       1d8       1%          1
 Call Imp                 Summ           70%        N/A       1%          2
 Call Canine Familiar     Summ           35%        N/A       1%          3
 Ozocubu's Armour         Ice            42%        N/A       1%          3
 Spider Form              Tmut/Pois      28%        N/A       1%          3
 Blade Hands              Tmut           25%        N/A       1%          5
 Petrify                  Tmut/Erth      28%        N/A       2%          4
 Apportation              Tloc           10%        N/A       4%          1
 Magic Dart               Conj           20%        1d4       4%          1
 Necrotise                Necr           20%        1d5       4%          1
 Summon Lightning Spire   Summ/Air       20%        N/A       6%          4
 Alistair's Intoxication  Tmut/Pois      18%        N/A       6%          5
 Irradiate                Conj/Tmut      14%        3d16      6%          5
 Yara's Violent Unravell  Hex/Tmut       14%        3d7       6%          5
 Blink                    Tloc           10%        N/A       8%          2
 Lesser Beckoning         Tloc           10%        N/A       8%          2
 Momentum Strike          Conj/Tloc      10%        3d8       8%          2
 Poisonous Vapours        Pois/Air       10%        N/A       8%          2
 Static Discharge         Conj/Air       10%        2-3/arc   8%          2
 Sublimation of Blood     Necr           5%         N/A       8%          2
 Dazzling Flash           Conj/Hex       10%        N/A       16%         3
 Inner Flame              Hex/Fire       5%         N/A       16%         3
 Mephitic Cloud           Conj/Pois/Air  5%         N/A       16%         3
 Portal Projectile        Hex/Tloc       10%        N/A       16%         3
 Tukima's Dance           Hex            5%         N/A       16%         3
 Vampiric Draining        Necr           5%         2d6       16%         3
 Volatile Blastmotes      Fire/Tloc      10%        2d10      16%         3
 Ozocubu's Refrigeration  Ice            21%        4d12      26%         7
 Airstrike                Air            2%         2d(1-17)  43%         4
 Fulminant Prism          Conj/Hex       2%         3d5       43%         4
 Iskenderun's Mystic Bla  Conj/Tloc      5%         2d3       43%         4
 Leda's Liquefaction      Hex/Erth       2%         N/A       43%         4
 Olgreb's Toxic Radiance  Pois           5%         N/A       43%         4
 Passage of Golubria      Tloc           5%         N/A       43%         4
 Agony                    Necr           5%         N/A       77%         5
 Lee's Rapid Deconstruct  Erth           2%         3d5*      77%         5
 Iron Shot                Conj/Erth      2%         9d2       99%         6
 Enfeeble                 Hex            2%         N/A       100%        7
 Orb of Destruction       Conj           2%         9d5       100%        7
 Lehudib's Crystal Spear  Conj/Erth      2%         10d2      100%        8
 Animate Armour           Summ/Erth      Unusable   N/A       N/A         4

Dungeon Overview and Level Annotations

Branches:
Dungeon (15/15)            Temple (1/1) D:5            Lair (5/5) D:9
 Shoals (0/4) Lair:3       Spider (4/4) Lair:3        Slime (0/5) Lair:5
    Orc (2/2) D:9             Elf (0/3) Orc:2        Vaults (0/5) D:13
 Depths (0/4) D:15          IceCv (visited)         Gauntlet (visited)

Altars:
Ashenzari
Cheibriados
Dithmenos
Elyvilon
Fedhas
Gozag
Hepliaklqana
Kikubaaqudgha
Makhleb
Nemelex Xobeh
Okawaru
Qazlal
Ru
Sif Muna
Trog
Uskayaw
Vehumet
Wu Jian
Xom
Yredelemnul
Zin
The Shining One
Jiyva

Shops:
D:3 (   D:8 *   Orc:2 *!(?

Annotations:
D:4 1 runed translucent door, DavidChitty2's ghost, amateur MiFi
Lair:3 3 runed translucent doors, Ifreeg's ghost, journeyman OpFE
Spider:4 Roxanne


Innate Abilities, Weirdness & Mutations

You are a fearsome dragon!
You have a powerful clawing attack.
Your giant scaled body is strong and resiliant, but less evasive.
You can breathe fire.
You are flying.
Your maximum health is greatly increased.
Your armour is entirely melded.
You are incapable of wielding weapons or throwing items.
You cannot wear most types of armour.
You are amphibious.
You can wear up to eight rings at the same time.
((Your skin changes colour to match your surroundings (Stealth+).))
((Your rubbery body absorbs attacks. (AC +1, EV +1)))
((You are camouflaged when in or above water. (Stealth+)))
((You have tentacles for arms and can constrict up to eight enemies at once.))
Potions are less effective at restoring your health.


Message History

You feel better.
You feel you are being watched by something.
You feel your power leaking away.
You closely miss the tarantella.
You claw the tarantella, but do no damage.
The tarantella is heavily wounded.
The tarantella touches you!
* * * LOW HITPOINT WARNING * * *
Unknown command.
You maul the tarantella!!!
You kill the tarantella!
The Council accepts your kill.
Unknown command.
As you read the scroll of fog, it crumbles to dust.
The scroll dissolves into smoke.
You feel you are being watched by something.
You feel your power leaking away.
Unknown command.
You barely miss something. Your bite misses something. Something hits you!
* * * LOW HITPOINT WARNING * * *
Something hits you.
* * * LOW HITPOINT WARNING * * *
You feel dopey.
Something stings you but does no damage.
Unknown command.
Your system partially rejects the healing.
You feel much better.
You feel you are being watched by something.
Something hits you but does no damage. x2
Something stings you but does no damage.
Unknown command.
You bite something!! You tail-slap something. You claw something.
You bite something. Something hits you!
* * * LOW HITPOINT WARNING * * *
Something hits you but does no damage.
Something stings you but does no damage.
You bite something!! You bite something. Something hits you.
* * * LOW HITPOINT WARNING * * *
Something hits you!
You die...

...#.#....# *****
*** .....#....#
#.........#
#.........#
#b........#
#.........#
.$........#
..#....w..########
..............ยง{D#
..#.......########
###########


There were no monsters in sight!

Vanquished Creatures
  Mlioglotl (Spider:4)
  A fire giant (D:15)
  2 ghost moths
  2 broodmothers (Spider:3)
  A reaper (IceCv)
  Nessos (D:15)
  A minotaur (Gauntlet)
  Azrael (Orc:2)
  6 entropy weavers
  A fire dragon (D:15)
  Josephine (D:13)
  2 hydras
  2 radroaches
  3 catoblepae
  A two-headed ogre (D:13)
  5 boulder beetles
  2 tengu warriors
  5 centaur warriors
  16 death yaks
  2 orc high priests
  Urug (Lair:3)
  2 skysharks
  4 skeletal warriors (D:12)
  4 pharaoh ants
  9 orb spiders
  7 steelbarb worms
  An orc knight (Orc:1)
  A wizard (D:15)
  2 deep elf pyromancers
  17 wolf spiders
  4 orc sorcerers
  9 ugly things
  4 cyclopes
  2 manticores
  A manticore (shapeshifter) (D:13)
  A water nymph (shapeshifter) (D:13)
  3 moths of wrath
  3 black mambas
  6 cane toads
  22 elephants
  5 torpor snails
  2 ice statues (IceCv)
  A gargoyle (Gauntlet)
  4 demonic crawlers (Spider:1)
  A freezing wraith (IceCv)
  3 rime drakes
  4 ice devils (IceCv)
  9 komodo dragons
  2 tengu conjurers
  4 anaconda simulacra (IceCv)
  7 polar bears
  6 hornets
  8 trolls
  23 tarantellas
  17 dream sheep (Lair:5)
  4 blink frogs (Lair:2)
  10 jumping spiders
  2 wyverns
  18 culicivoras
  A spriggan (shapeshifter) (D:15)
  14 spriggans (Lair:5)
  43 yaks
  3 basilisks
  6 wraiths
  2 fire elementals (Orc:2)
  4 dire elephant simulacra (IceCv)
  2 steam dragons (D:9)
  A death yak simulacrum (IceCv)
  46 redbacks
  A harpy simulacrum (IceCv)
  A warg (Orc:1)
  A hydra simulacrum (IceCv)
  2 swamp worms (Gauntlet)
  11 water moccasins
  An acid dragon (D:11)
  Duvessa (D:5)
  3 hell hounds (Orc:2)
  20 orc warriors
  3 sky beasts
  2 black bears (Lair:5)
  A sky beast (shapeshifter) (D:13)
  5 boggarts (Lair:5)
  5 ogres
  38 wolves
  10 centaurs
  A phantom (D:5)
  A kobold brigand (D:8)
  6 bullfrogs
  A two-headed ogre simulacrum (IceCv)
  8 wights (D:8)
  Dowan (D:5)
  An elephant simulacrum (IceCv)
  4 howler monkeys
  9 hounds
  2 jellies
  A gnoll bouda (D:10)
  23 orc priests
  6 hell rats (Lair:4)
  2 iguanas
  30 orc wizards
  A polar bear simulacrum (IceCv)
  6 gnolls
  12 adders
  A shadow imp (D:5)
  A white imp (D:8)
  3 ufetubi
  2 worms (D:2)
  A dart slug (D:1)
  54 orcs
  7 ball pythons
  4 bats
  10 endoplasms
  4 giant cockroaches
  11 goblins
  5 hobgoblins
  14 jackals
  14 kobolds
  5 quokkas
  7 frilled lizards
  11 rats
785 creatures vanquished.

Vanquished Creatures (collateral kills)
  A hydra (Lair:5)
  A death yak (Lair:5)
  A skyshark (Lair:5)
  A deep elf pyromancer (D:13)
  An ugly thing (D:13)
  A cane toad (Lair:5)
  A torpor snail (Lair:5)
  A komodo dragon (Lair:2)
  A blink frog (Lair:2)
  A hornet (Lair:5)
  4 dream sheep (Lair:5)
  A water moccasin (Lair:5)
  A black bear (Lair:2)
  2 wolves
  A bullfrog (Lair:1)
  An orc wizard (Orc:2)
20 creatures vanquished.

Vanquished Creatures (others)
  A wolf spider (Spider:3)
  A basilisk (D:13)
  2 orc priests (Orc:2)
  3 orc wizards
  2 orcs (Orc:2)
  25 fungi
  41 plants
  2 starspawn tentacles (Spider:4)
77 creatures vanquished.

Grand Total: 882 creatures vanquished

Notes
Turn   | Place    | Note
-------+----------+-------------------------------------------
     0 | D:1      | Mesmaeker13 the Octopode Transmuter began the quest for the
                  | Orb.
     0 | D:1      | Reached XP level 1. HP: 13/13 MP: 3/3
   162 | D:1      | Reached XP level 2. HP: 18/18 MP: 3/5
   329 | D:1      | Learned a level 2 spell: Wereblood
   453 | D:1      | Reached XP level 3. HP: 19/24 MP: 3/6
  1287 | D:2      | Reached XP level 4. HP: 29/29 MP: 5/7
  1806 | D:3      | Learned a level 4 spell: Ice Form
  2420 | D:3      | Noticed a +0 demon trident
  2428 | D:3      | Found Gux Acosch's Weapon Shoppe.
  2440 | D:3      | Noticed a +3 demon blade
  2619 | D:3      | Reached XP level 5. HP: 35/35 MP: 6/8
  2878 | D:3      | Reached skill level 1 in Ice Magic
  3340 | D:4      | Reached XP level 6. HP: 42/42 MP: 7/9
  3600 | D:4      | Reached XP level 7. HP: 47/47 MP: 7/10
  3675 | D:4      | Found a runed translucent door.
  3676 | D:4      | Noticed DavidChitty2's ghost (amateur MiFi)
  3929 | D:5      | Entered Level 5 of the Dungeon
  4217 | D:5      | Reached skill level 5 in Unarmed Combat
  4633 | D:5      | Found a staircase to the Ecumenical Temple.
  4642 | Temple   | Entered the Ecumenical Temple
  4675 | Temple   | Became a worshipper of the Wu Jian Council
  4950 | D:5      | Learned a level 3 spell: Frozen Ramparts
  5013 | D:5      | Noticed Dowan
  5033 | D:5      | Killed Dowan
  5053 | D:5      | Noticed Duvessa
  5069 | D:5      | Killed Duvessa
  5070 | D:5      | Reached skill level 5 in Transmutations
  5070 | D:5      | Reached XP level 8. HP: 8/54 MP: 7/11
  5519 | D:6      | Reached skill level 5 in Fighting
  5737 | D:6      | Identified the +7 spear of Egomania {spect, +Blink rC-
                  | Int+2 Stlth+}
  6282 | D:7      | Reached XP level 9. HP: 62/62 MP: 7/12
  6529 | D:7      | Reached skill level 5 in Ice Magic
  7220 | D:8      | Found Pakac's CLEARANCE SALE!.
  7554 | D:8      | Reached * piety under Wu Jian
  7618 | D:8      | Found a blossoming altar of Fedhas.
  8166 | D:9      | Noticed a komodo dragon
  8167 | D:9      | Found a staircase to the Lair.
  8371 | D:9      | Killed a komodo dragon
  8372 | D:9      | Reached XP level 10. HP: 71/71 MP: 6/13
  8898 | D:9      | Found a staircase to the Orcish Mines.
  9109 | D:10     | Entered Level 10 of the Dungeon
  9147 | D:9      | Learned a level 4 spell: Summon Ice Beast
  9264 | D:10     | Reached skill level 1 in Summonings
  9460 | D:10     | Reached ** piety under Wu Jian
  9461 | D:10     | Reached XP level 11. HP: 77/77 MP: 3/14
 10708 | D:11     | Noticed a cyclops
 10724 | D:11     | Noticed a manticore
 10742 | D:11     | Killed a manticore
 10815 | D:11     | Killed a cyclops
 11309 | D:11     | Found a shimmering blue altar of Sif Muna.
 11522 | Lair:1   | Entered Level 1 of the Lair of Beasts
 11742 | Lair:1   | Found a frozen archway.
 11765 | Lair:1   | Noticed a boulder beetle
 11785 | IceCv    | Entered an ice cave
 11873 | IceCv    | Reached *** piety under Wu Jian
 12123 | IceCv    | Reached XP level 12. HP: 85/85 MP: 11/15
 12140 | IceCv    | Reached skill level 5 in Summonings
 12168 | IceCv    | Reached skill level 10 in Unarmed Combat
 12450 | IceCv    | Noticed a reaper
 12467 | IceCv    | HP: 7/154 [reaper/+4 scythe of freezing (1)]
 12469 | IceCv    | Killed a reaper
 13244 | Lair:1   | Killed a boulder beetle
 13245 | Lair:1   | Reached skill level 10 in Transmutations
 13603 | Lair:2   | Paralysed by a hornet for 2 turns
 13801 | Lair:2   | Reached skill level 10 in Fighting
 13802 | Lair:2   | Reached **** piety under Wu Jian
 14023 | Lair:2   | Found a hide-covered altar of Uskayaw.
 14302 | Lair:2   | Reached skill level 10 in Ice Magic
 14371 | Lair:2   | Reached XP level 13. HP: 93/93 MP: 11/16
 15045 | Lair:3   | Found a runed translucent gate.
 15045 | Lair:3   | Found a runed translucent gate.
 15047 | Lair:3   | Found a runed translucent gate.
 15051 | Lair:3   | Noticed Ifreeg's ghost (journeyman OpFE)
 15295 | Lair:3   | Noticed Urug
 15316 | Lair:3   | Killed Urug
 15397 | Lair:3   | Found a hole to the Spider Nest.
 15566 | Lair:3   | Found a staircase to the Shoals.
 15662 | Lair:3   | Found a burning altar of Makhleb.
 16177 | Lair:4   | Found a gate leading to a gauntlet.
 16199 | Gauntlet | Entered a Gauntlet
 16199 | Gauntlet | Found a transporter.
 16199 | Gauntlet | Found a transporter.
 16199 | Gauntlet | Found a transporter.
 16220 | Gauntlet | Found a transporter.
 16222 | Gauntlet | Found a large runed translucent door.
 16223 | Gauntlet | Found a large runed translucent door.
 16224 | Gauntlet | Found a large runed translucent door.
 16224 | Gauntlet | Found a large runed translucent door.
 16224 | Gauntlet | Found a runed translucent door.
 16224 | Gauntlet | Found a runed translucent door.
 16225 | Gauntlet | Found a large runed translucent door.
 16226 | Gauntlet | Found a large runed translucent door.
 16227 | Gauntlet | Found a large runed translucent door.
 16227 | Gauntlet | Found a large runed translucent door.
 16228 | Gauntlet | Found a runed translucent gate.
 16228 | Gauntlet | Found a runed translucent gate.
 16228 | Gauntlet | Found a runed translucent gate.
 16230 | Gauntlet | Found a transporter.
 16233 | Gauntlet | Found a transporter.
 16239 | Gauntlet | Found a large runed translucent door.
 16239 | Gauntlet | Found a large runed translucent door.
 16240 | Gauntlet | Found a large runed translucent door.
 16241 | Gauntlet | Found a large runed translucent door.
 16248 | Gauntlet | Found a transporter.
 16267 | Gauntlet | Found a transporter.
 16270 | Gauntlet | Found a transporter.
 16288 | Gauntlet | Found a transporter.
 16299 | Gauntlet | Found a transporter.
 16302 | Gauntlet | Found a transporter.
 16303 | Gauntlet | Found a runed translucent door.
 16330 | Gauntlet | Found a large runed translucent door.
 16331 | Gauntlet | Found a large runed translucent door.
 16332 | Gauntlet | Found a large runed translucent door.
 16332 | Gauntlet | Found a large runed translucent door.
 16619 | Gauntlet | Identified the ring of Gauplol {Str+6 Dex+3}
 16619 | Gauntlet | Noticed a minotaur
 16629 | Gauntlet | Killed a minotaur
 16637 | Gauntlet | Got the Quarto of Blows
 17366 | Lair:5   | Entered Level 5 of the Lair of Beasts
 17389 | Lair:4   | Reached ***** piety under Wu Jian
 17689 | Lair:4   | Reached XP level 14. HP: 90/101 MP: 14/17
 17724 | Lair:5   | Found a viscous altar of Jiyva.
 17726 | Lair:5   | Found a staircase to the Slime Pits.
 18937 | Lair:5   | Reached ****** piety under Wu Jian
 19473 | Lair:5   | Reached XP level 15. HP: 109/109 MP: 7/18
 20605 | D:12     | Reached skill level 10 in Summonings
 21361 | D:13     | Found the +3 warlock's mirror {omnireflect}
 21629 | D:13     | Found a blossoming altar of Fedhas.
 21978 | D:13     | Noticed Josephine
 21999 | D:13     | Killed Josephine
 22151 | D:13     | Found a gate to the Vaults.
 22372 | Orc:1    | Entered Level 1 of the Orcish Mines
 22564 | Orc:2    | Entered Level 2 of the Orcish Mines
 22965 | Orc:1    | Gained mutation: Potions are less effective at restoring
                  | your health. [a neqoxec]
 23278 | Orc:2    | Found Erorph's Distillery.
 23278 | Orc:2    | Found Qiofe's General Store.
 23278 | Orc:2    | Found Deorixza's Weapon Shoppe.
 23311 | Orc:2    | Found Veamid's Magic Scroll Shoppe.
 23315 | Orc:2    | Bought a scroll of identify for 22 gold pieces
 23345 | Orc:2    | Noticed Azrael
 23392 | Orc:2    | Killed Azrael
 23770 | Orc:2    | Found a staircase to the Elven Halls.
 24077 | Orc:2    | Bought a book of Transfigurations for 520 gold pieces
 24077 | Orc:2    | Bought a scroll of identify for 26 gold pieces
 24082 | Orc:2    | Identified a scroll of acquirement
 24085 | Orc:2    | Acquired the ring "Igojeok" {rElec rF+ Will- Str+2 Dex+4}
 24282 | D:14     | Learned a level 7 spell: Dragon Form
 24353 | D:14     | Found an opulent altar of Gozag.
 25220 | D:15     | Entered Level 15 of the Dungeon
 25455 | D:15     | Reached skill level 5 in Spellcasting
 25734 | D:15     | Reached XP level 16. HP: 110/117 MP: 15/23
 25885 | D:15     | Acquired the ring "Velemooza" {Str+2 Slay+4}
 25916 | D:15     | Found a staircase to the Depths.
 25966 | D:15     | Noticed Nessos
 25973 | D:15     | Killed Nessos
 26121 | D:15     | Identified the +5 falchion "Octopus's Peril" {vamp, rF+}
 26477 | Spider:1 | Entered Level 1 of the Spider Nest
 29251 | Spider:2 | Identified the +0 robe of Cocytus {rF+ Str+4 Dex+3
                  | Archmagi}
 29535 | Spider:3 | Reached XP level 17. HP: 126/126 MP: 21/28
 29583 | Spider:3 | Reached skill level 15 in Unarmed Combat
 29802 | Spider:3 | Identified the +7 whip of Makhleb's Indignation {heavy,
                  | *Rage rN+ rCorr Int+2 Stlth+}
 30015 | Spider:4 | Entered Level 4 of the Spider Nest
 30015 | Spider:4 | Noticed Mlioglotl
 30080 | Spider:4 | Identified Roxanne's Grimoire of Quicksand
 30080 | Spider:4 | Noticed Roxanne
 30100 | Spider:4 | Noticed a tentacled starspawn
 30112 | Spider:4 | Killed Mlioglotl
 30113 | Spider:4 | Reached skill level 15 in Transmutations
 30122 | Spider:4 | HP: 7/189 [something (3)]
 30125 | Spider:4 | Slain by a ghost moth

Illustrated notes

Levels and vault maps discovered:
D:1:      lightli_arrival_windingriver, layout_loops_ring,
          chequers_serial_rivers_micro_e
D:2:      layout_basic, serial_forest, infiniplex_forest_lined_2,
          infiniplex_forest_side_room, infiniplex_forest_lined_room_3,
          infiniplex_forest_clump_curved, infiniplex_forest_lined_3,
          infiniplex_forest_straight_3
D:3:      minmay_inner_zag, layout_basic, serial_rivers,
          chequers_serial_rivers_micro_e, chequers_serial_rivers_small_3,
          chequers_serial_rivers_micro_d, chequers_serial_rivers_micro_d,
          serial_shops, nicolae_shop_mannequins
D:4:      layout_basic, gammafunk_ghost_grave, grunt_ministairs_9,
          corexii_checkpoint_a, minmay_fractal_squares_diagonal_5
D:5:      layout_loops_corners, minmay_temple_entry_junction,
          chequers_serial_rivers_micro_c, st_stairs_14,
          grunt_decor_mini_mirrors, uniq_duvessa
D:6:      layout_basic
D:7:      layout_gridville, hangedman_decor_lopped
D:8:      layout_loops_ring, lemuel_doored_altar, nicolae_shop_clearance
D:9:      layout_cross, david_lair_shrubbed, orc_0_dummy, nicolae_two_hexagons,
          hangedman_misty_isle
D:10:     layout_basic, david_defended_altar_orc
D:11:     layout_irregular_city, kennysheep_orc_sif_temple
D:12:     layout_roguey
D:13:     layout_gridville, david_vaults_2, fedhas_altar_fruit_tree,
          uniq_josephine
D:14:     layout_basic, nicolae_gozag_cash_rules_everything_around_me
D:15:     grunt_enter_depths_giant_problem, layout_rooms, glass_columns_a,
          uniq_nessos
Temple:   minmay_crystal_snake_temple
Lair:1:   layout_regular_city, portal_ice_cave_entry_pillars_1
Lair:2:   layout_roguey, basic_altar, minivault_11, grunt_megastairs_5,
          lemuel_fruit_tree
Lair:3:   layout_regular_city, elwin_shoals_entry_rooms, dummy_spider_entry,
          gammafunk_ghost_necromancy, basic_altar, uniq_urug
Lair:4:   layout_misc_corridors, gauntlet_entry_generic
Lair:5:   minmay_lair_end_enchanted_forest, layout_cave_pods, slime_entry_1,
          grunt_megastairs_4
Spider:1: layout_spider_delve
Spider:2: cheibrodos_spider_silkery
Spider:3: layout_spider_delve, nicolae_spider_cling_halls
Spider:4: guppyfry_spider_rune, uniq_mlioglotl, uniq_roxanne, uniq_arachne
Orc:1:    layout_caves, kennysheep_orc_chapel
Orc:2:    st_orc_mages, layout_caves, mines1_david, uniq_azrael

Skill      XL: |  1  2  3  4  5  6  7  8  9 10 11 12 13 14 15 16 17 |
---------------+----------------------------------------------------+-----
Fighting       | 2 3 4 5 7 8 9 10 11 12 13 14 | 14.8
Transmutations | 3 4 5 6 7 8 9 10 11 12 13 14 15 | 15.0
Unarmed Combat | 4 5 6 7 8 9 10 11 12 13 14 15 | 15.1
Ice Magic      | 1 2 3 4 6 7 8 10 11 12 | 12.2
Summonings     | 2 4 6 8 9 10 | 10.0
Spellcasting   | 5 7 |  7.9
Dodging        | |  2.0

Action                     |  1- 3 |  4- 6 |  7- 9 | 10-12 | 13-15 | 16-18 || total
---------------------------+-------+-------+-------+-------+-------+-------++-------
  Melee: Unarmed           |    79 |   114 |   212 |   413 |   920 |   254 ||  1992
         Kick              |    26 |    41 |    18 |       |       |       ||    85
         Constrict         |    26 |    31 |    14 |       |     4 |     2 ||    77
         Tentacles         |    11 |    21 |    11 |     1 |     3 |     2 ||    49
         Punch             |     4 |     4 |     2 |       |     3 |    17 ||    30
         Spear             |       |       |       |     2 |    10 |     2 ||    14
         Tailslap          |       |       |       |       |     3 |    41 ||    44
         Bite              |       |       |       |       |     2 |    23 ||    25
  Throw: Dart              |       |     7 |    18 |     2 |       |       ||    27
         Throwing net      |       |       |     1 |       |       |       ||     1
   Cast: Beastly Appendage |    30 |    37 |    14 |       |       |       ||    81
         Wereblood         |     3 |     9 |    11 |    13 |    31 |    17 ||    84
         Ice Form          |       |       |    25 |    48 |    78 |       ||   151
         Frozen Ramparts   |       |       |     5 |    21 |    28 |       ||    54
         Summon Ice Beast  |       |       |       |    12 |    47 |     1 ||    60
         Dragon Form       |       |       |       |       |     3 |    24 ||    27
 Invoke: Serpent's Lash    |       |       |       |       |     1 |     1 ||     2
Ability: Lunge             |       |       |    16 |    28 |    50 |    18 ||   112
         End Transformatio |       |       |     1 |       |       |       ||     1
         Whirlwind         |       |       |       |     5 |    12 |     3 ||    20
         Wall Jump         |       |       |       |     1 |       |       ||     1
         Breathe Fire      |       |       |       |       |     2 |     7 ||     9
  Evoke: Wand              |       |     2 |     3 |     9 |    29 |    11 ||    54
         Tin of tremorston |       |       |       |       |     4 |     2 ||     6
    Use: Scroll            |       |     4 |     6 |    10 |    12 |    13 ||    45
         Potion            |       |       |     1 |     7 |     6 |     8 ||    22
   Stab: Sleeping          |     3 |     4 |     2 |     1 |     1 |       ||    11
         Distracted        |       |       |       |     1 |     1 |     1 ||     3
         Invisible         |       |       |       |       |     6 |     3 ||     9
 Armour: Skin              |     3 |     6 |    43 |   127 |   269 |   163 ||   611
  Dodge: Dodged            |    37 |    71 |    94 |   175 |   462 |   220 ||  1059
  Block: Other             |       |       |       |       |    10 |    31 ||    41
         Reflection        |       |       |       |       |     3 |       ||     3

Table legend: (Time is in decaauts)
 A = Elapsed time spent in this place.
 B = Non-inter-level travel time spent in this place.
 C = Inter-level travel time spent in this place.
 D = Time resting spent in this place.
 E = Time spent auto-exploring this place.
 F = Levels seen in this place.
 G = Mean time per level.
                   A        B        C        D        E       F      G
               +--------+--------+--------+--------+--------+-----+--------+
         Total |  29885 |  28283 |   1602 |   3718 |  18154 |  29 | 1030.5 |
       Dungeon |  15738 |  14851 |    887 |   1134 |  10816 |  15 | 1049.2 |
        Temple |    203 |    166 |     37 |      0 |    144 |   1 |  203.0 |
          Lair |   8406 |   7999 |    407 |   1584 |   4872 |   5 | 1681.2 |
   Spider Nest |   2520 |   2435 |     85 |    368 |   1371 |   4 |  630.0 |
  Orcish Mines |   1739 |   1554 |    185 |    226 |    806 |   2 |  869.5 |
      Ice Cave |    818 |    818 |      0 |    316 |    145 |   1 |  818.0 |
      Gauntlet |    457 |    457 |      0 |     90 |      0 |   1 |  457.0 |
               +--------+--------+--------+--------+--------+-----+--------+

Top non-repeatable levels by time:
  Lair:5: 2425 daAuts
  Lair:3: 2308 daAuts
    D:10: 1449 daAuts
  Lair:1: 1334 daAuts
  Lair:2: 1263 daAuts
     D:5: 1252 daAuts
    D:11: 1137 daAuts
     D:3: 1131 daAuts
     D:9: 1099 daAuts
Spider:1: 1085 daAuts
    D:14: 1083 daAuts
  Lair:4: 1075 daAuts
     D:8: 1073 daAuts
    D:13: 1015 daAuts
    D:12: 1003 daAuts
